 Dungeon Crawl Stone Soup version 0.29-a0-553-g81b289dbe5 (webtiles) character file.

Game seed: 8028285566572396643

88624 LabCoat the Severer (level 15, -1/138 HPs)
             Began as a Hill Orc Fighter on June 2, 2022.
             Was a High Priest of Trog.
             Slain by an alligator snapping turtle (31 damage)
             ... on level 4 of the Shoals on June 7, 2022.
             The game lasted 01:37:35 (19455 turns).

LabCoat the Severer (Hill Orc Fighter)             Turns: 19455, Time: 01:37:36

Health: -1/138     AC: 26    Str: 27    XL:     15   Next: 94%
Magic:  15/15      EV:  8    Int:  8    God:    Trog [*****.]
Gold:   1628       SH:  7    Dex: 20    Spells: 14/14 levels left

rFire   + + .      SeeInvis .   i - +9 war axe "Winet" {vamp, rF+}
rCold   . . .      Faith    .   c - +0 buckler
rNeg    + + .      Spirit   .   O - +0 plate armour
rPois   .          Reflect  .   (helmet restricted)
rElec   .          Harm     .   H - +2 cloak {Will+}
rCorr   .          Rampage  .   C - +2 pair of gloves of Dusentil {Fly rN++ Dex+4}
Will    ++...                   R - +1 pair of boots
Stlth   ..........              t - amulet of regeneration
HPRegen 1.13/turn               b - +6 ring of dexterity
MPRegen 0.14/turn               n - ring of protection from fire

@: on berserk cooldown, flying, slowed, very slow
A: horns 1
a: Renounce Religion, Berserk, Trog's Hand, Brothers in Arms


You were on level 4 of the Shoals.
You worshipped Trog.
Trog was extremely pleased with you.
You visited 4 branches of the dungeon, and saw 21 of its levels.

You collected 1903 gold pieces.
You spent 275 gold pieces at shops.

Inventory:

Hand Weapons
 a - a +1 demon whip of venom
 d - a +0 morningstar of protection
 i - the +9 war axe "Winet" (weapon) {vamp, rF+}
   (You found it on level 3 of the Dungeon)

   It occasionally heals its wielder for a portion of the damage dealt when it
   wounds a living foe.
   rF:        It protects you from fire.
 k - a +0 spectral club
 B - a +4 vorpal broad axe
 S - the +9 flail of Patience {vorpal, Fly rPois}
   (You found it on level 6 of the Lair of Beasts)

   It inflicts extra damage upon your enemies.
   rPois:     It protects you from poison.
   Fly:       It grants you flight.
Missiles
 o - 41 poisoned darts (quivered)
 p - 3 throwing nets
 r - 8 boomerangs
Armour
 c - a +0 buckler (worn)
 z - +0 fire dragon scales
 C - the +2 pair of gloves of Dusentil (worn) {Fly rN++ Dex+4}
   (You found it on level 6 of the Lair of Beasts)

   Dex:       It affects your dexterity (+4).
   rN:        It greatly protects you from negative energy.
   Fly:       It grants you flight.
 H - a +2 cloak of willpower (worn)
 O - a +0 plate armour (worn)
 R - a +1 pair of boots (worn)
 W - an orb of light
Jewellery
 b - a +6 ring of dexterity (left hand)
 h - a +4 ring of slaying
 m - a +6 ring of intelligence
 n - a ring of protection from fire (right hand)
 s - a ring of positive energy
 t - an amulet of regeneration (around neck)
 J - a ring of magical power
 M - a ring of resist corrosion
Wands
 A - a wand of digging (4)
 N - a wand of paralysis (10)
 Q - a wand of iceblast (2)
 U - a wand of polymorph (6)
 X - a wand of charming (3)
Scrolls
 f - 6 scrolls of fear
 l - 3 scrolls of magic mapping
 u - 7 scrolls of amnesia
 w - 3 scrolls of identify
 x - 6 scrolls of fog
 y - 2 scrolls of enchant weapon
 E - 2 scrolls of poison
 K - 3 scrolls of teleportation
 Y - a scroll of summoning
Potions
 e - a potion of cancellation
 g - 9 potions of ambrosia
 j - 5 potions of flight
 q - 3 potions of lignification
 v - 2 potions of attraction
 F - 4 potions of haste
 G - 5 potions of brilliance
 L - a potion of resistance
 V - a potion of magic
Miscellaneous
 Z - a condenser vane


   Skills:
 + Level 14.1 Fighting
 + Level 19.6(21.6) Axes
 * Level 13.2(16.8) Maces & Flails
 + Level 6.1 Throwing
 + Level 13.6 Armour
 + Level 1.7 Dodging
 + Level 7.6 Shields
 * Level 7.3 Evocations


You had 14 spell levels left.
You didn't know any spells.
Your spell library contained the following spells:

 Spells                   Type           Power      Damage    Failure   Level
 Foxfire                  Conj/Fire      0%         2x1d4     98%         1
 Magic Dart               Conj           0%         1d3       98%         1
 Summon Small Mammal      Summ           0%         N/A       98%         1
 Call Imp                 Summ           0%         N/A       99%         2
 Sublimation of Blood     Necr           0%         N/A       99%         2
 Wereblood                Tmut           0%         N/A       99%         2
 Call Canine Familiar     Summ           0%         N/A       100%        3
 Conjure Flame            Conj/Fire      0%         6-21      100%        3
 Inner Flame              Hex/Fire       0%         N/A       100%        3
 Mephitic Cloud           Conj/Pois/Air  0%         N/A       100%        3
 Summon Guardian Golem    Hex/Summ       0%         N/A       100%        3
 Flame Wave               Conj/Fire      0%         2d4       100%        4
 Summon Lightning Spire   Summ/Air       0%         N/A       100%        4
 Storm Form               Tmut/Air       0%         N/A       100%        7
 Summon Hydra             Summ           0%         N/A       100%        7
 Maxwell's Capacitive Co  Air            0%         ∞         100%        8


Dungeon Overview and Level Annotations

Branches:
Dungeon (10/15)            Temple (1/1) D:7            Lair (6/6) D:9
 Shoals (4/4) Lair:4        Snake (0/4) Lair:3        Slime (0/5) Lair:6
    Orc: D:9-12

Altars:
Ashenzari
Cheibriados
Dithmenos
Fedhas
Gozag
Hepliaklqana
Kikubaaqudgha
Makhleb
Nemelex Xobeh
Okawaru
Qazlal
Ru
Sif Muna
Trog
Uskayaw
Vehumet
Wu Jian
Xom
Yredelemnul
Zin
The Shining One
Jiyva

Shops:
D:3 !

Annotations:
Lair:3 2 transporters, Byron's ghost, journeyman DgEE
Lair:6 exclusion: oklob plant


Innate Abilities, Weirdness & Mutations

You have a pair of small horns on your head.


Message History

Aiming: Iceblast
Press: ? - help, Shift-Dir - straight line, f - cyclops
Aim: a cyclops, quivering large rocks The mass of ice explodes!
The iceblast engulfs the cyclops!
The cyclops is moderately wounded.
The iceblast engulfs the snapping turtle.
The snapping turtle is moderately wounded.
The iceblast engulfs the alligator snapping turtle.
The alligator snapping turtle is lightly wounded.
You hear a shout!
Your ogre barely misses the snapping turtle.
The snapping turtle bites you from afar!
* * * LOW HITPOINT WARNING * * *
The snapping turtle bites you but does no damage.
Throw: 42 darts (poison)
Press: ? - help, Q - select action, (/) - cycle Shift-Dir - straight line, f/p - cyclops
Aim: a cyclops, quivering large rocks (moderately wounded, 89% to hit)
You throw a poisoned dart.
The poisoned dart hits the alligator snapping turtle.
The alligator snapping turtle is poisoned.
The alligator snapping turtle is lightly wounded.
Your ogre hits the snapping turtle with a +0 giant spiked club!!!
The snapping turtle dies!
Trog accepts your kill.
The alligator snapping turtle bites you from afar!
* * * LOW HITPOINT WARNING * * *
Your ogre hits the cyclops with a +0 giant spiked club!!
Throw: javelin (silver)
Press: ? - help, Shift-Dir - straight line, f/p - cyclops
Aim: a cyclops, quivering large rocks (severely wounded, ally target, 89% to hit)
You throw a silver javelin.
The silver javelin pierces through the cyclops!
The cyclops is almost dead.
Your ogre hits the cyclops with a +0 giant spiked club!!!
The cyclops dies!
Trog accepts your kill.
The alligator snapping turtle bites you but does no damage.
Your ogre hits the alligator snapping turtle with a +0 giant spiked club!!
The alligator snapping turtle bites you!!
You die...

.P........
...(......
......... .
......... .
....!.# .≈ #....#
..≈ #..Ot# ##..
#...@# ....
##...## . ...
#####).#####... ..
#.......)...... #
≈≈≈$...≈.).)≈≈....
≈≈≈≈≈..≈...)≈≈....
≈≈≈≈.......≈≈≈....
≈≈≈..###...≈≈≈..≈≈
≈≈≈.. #...≈≈≈∩≈≈.


You could see an alligator snapping turtle (poisoned, ally target) and a
friendly ogre (summoned, berserk).

Vanquished Creatures
  3 krakens
  A merfolk impaler (Shoals:4)
  A fire dragon (Lair:1)
  5 hydras
  An ice dragon (Lair:6)
  A catoblepas (Lair:6)
  A two-headed ogre (D:7)
  A satyr (Shoals:3)
  A centaur warrior (Shoals:2)
  2 merfolk avatars (Shoals:2)
  2 alligator snapping turtles
  10 death yaks (Lair:6)
  Amaemon (D:8)
  10 sea snakes
  2 lindwurms (Lair:6)
  13 harpies
  A cyclops (Shoals:3)
  6 manticores
  12 fauns
  4 black mambas (Lair:6)
  4 merfolk sirens
  18 elephants
  5 water nymphs
  An orange demon (D:8)
  9 torpor snails
  10 cane toads
  7 rime drakes
  5 komodo dragons
  A queen bee (Lair:1)
  17 merfolk
  A troll (D:9)
  4 tyrant leeches (Lair:6)
  2 polar bears
  5 wind drakes
  8 hornets (Lair:6)
  4 snapping turtles
  27 blink frogs
  17 dream sheep
  Prince Ribbit (D:5)
  Sigmund (D:2)
  5 water elementals
  Eustachio (D:6)
  9 wyverns
  25 yaks
  4 basilisks
  Menkaure (D:6)
  3 nagas (Lair:3)
  13 water moccasins
  Edmund (D:6)
  2 ice beasts
  2 sky beasts
  7 black bears
  3 wolves (Lair:4)
  3 ogres
  Blork the orc (D:4)
  4 kobold brigands
  2 necrophages
  12 bullfrogs
  3 gnoll sergeants
  2 scorpions
  5 wights (D:8)
  24 killer bees (Lair:1)
  An electric eel (Lair:1)
  A howler monkey (D:4)
  3 hounds
  A jelly (D:5)
  4 orc priests
  Crazy Yiuf (D:7)
  Jessica (D:2)
  5 iguanas
  Natasha (D:2)
  3 orc wizards
  Robin (D:2)
  15 gnolls
  6 adders
  A shadow imp (D:8)
  A white imp (D:5)
  3 ufetubi
  2 worms
  6 dart slugs
  19 orcs
  7 endoplasms
  3 giant cockroaches
  12 goblins
  12 hobgoblins
  2 quokkas
  6 ball pythons
  2 bats (D:2)
  5 frilled lizards
  25 kobolds
  3 rats (D:1)
  9 tentacles
518 creatures vanquished.

Vanquished Creatures (collateral kills)
  A merfolk avatar (Shoals:4)
  A cyclops (Shoals:4)
  A snapping turtle (Shoals:4)
3 creatures vanquished.

Vanquished Creatures (others)
  A merfolk aquamancer (Shoals:2)
  A merfolk (Shoals:4)
  22 fungi
  84 plants
  15 tentacles
123 creatures vanquished.

Grand Total: 644 creatures vanquished

Notes
Turn   | Place    | Note
-------+----------+-------------------------------------------
     0 | D:1      | LabCoat the Hill Orc Fighter began the quest for the Orb.
     0 | D:1      | Reached XP level 1. HP: 19/19 MP: 1/1
   259 | D:1      | Found a faded altar of an unknown god.
   313 | D:1      | Reached XP level 2. HP: 27/27 MP: 2/2
   611 | D:1      | Reached skill level 3 in Axes
   893 | D:1      | Reached XP level 3. HP: 33/33 MP: 3/3
  1336 | D:2      | Noticed Jessica
  1343 | D:2      | Killed Jessica
  1460 | D:2      | Reached XP level 4. HP: 40/40 MP: 4/4
  1543 | D:2      | Found a blossoming altar of Fedhas.
  1555 | D:2      | Noticed Robin
  1567 | D:2      | Reached skill level 4 in Axes
  1578 | D:2      | Killed Robin
  1717 | D:2      | Noticed Sigmund
  1727 | D:2      | Killed Sigmund
  1728 | D:2      | Reached skill level 6 in Axes
  1728 | D:2      | Reached XP level 5. HP: 46/46 MP: 5/5
  1728 | D:2      | Reached XP level 6. HP: 52/52 MP: 6/6
  2252 | D:2      | Noticed Natasha
  2256 | D:2      | Killed Natasha
  2611 | D:3      | Gained mutation: You have a pair of small horns on your
                  | head. [potion of mutation]
  2626 | D:3      | Reached skill level 7 in Axes
  2634 | D:3      | Reached XP level 7. HP: 21/60 MP: 7/7
  2921 | D:3      | Reached skill level 1 in Throwing
  2931 | D:3      | Identified the +9 war axe "Winet" {vamp, rF+}
  3127 | D:3      | Found Boiwam's Distillery.
  3142 | D:3      | Bought a potion of berserk rage for 55 gold pieces
  3142 | D:3      | Bought a potion of heal wounds for 55 gold pieces
  3142 | D:3      | Bought a potion of heal wounds for 55 gold pieces
  3374 | D:4      | Noticed Blork the orc
  3382 | D:4      | Killed Blork the orc
  3383 | D:4      | Reached skill level 8 in Axes
  3401 | D:4      | Identified the +5 long sword "Baqob" {antimagic, rN+ rCorr}
  3474 | D:4      | Reached skill level 5 in Armour
  3814 | D:4      | Reached skill level 9 in Axes
  3814 | D:4      | Reached skill level 1 in Evocations
  3814 | D:4      | Reached XP level 8. HP: 67/67 MP: 8/8
  3848 | D:4      | Reached skill level 5 in Fighting
  4241 | D:5      | Entered Level 5 of the Dungeon
  4636 | D:5      | Noticed Prince Ribbit
  4658 | D:5      | Killed Prince Ribbit
  4659 | D:5      | Reached skill level 10 in Axes
  4966 | D:5      | Found a shimmering altar of Xom.
  4966 | D:5      | Found an ancient bone altar of Kikubaaqudgha.
  4974 | D:5      | Found an ornate altar of the Wu Jian Council.
  4976 | D:5      | Found a faded altar of an unknown god.
  4978 | D:5      | Found a stormy altar of Qazlal.
  5090 | D:6      | Reached skill level 11 in Axes
  5133 | D:6      | Noticed Eustachio
  5151 | D:6      | Noticed Menkaure
  5334 | D:6      | Killed Eustachio
  5335 | D:6      | Reached XP level 9. HP: 75/75 MP: 9/9
  5423 | D:6      | Reached skill level 12 in Axes
  5524 | D:6      | Killed Menkaure
  5690 | D:6      | Noticed Edmund
  5698 | D:6      | Killed Edmund
  6095 | D:7      | Reached skill level 13 in Axes
  6240 | D:7      | Found a staircase to the Ecumenical Temple.
  6260 | Temple   | Entered the Ecumenical Temple
  6355 | Temple   | Became a worshipper of Trog the Wrathful
  6499 | D:7      | Noticed a two-headed ogre
  6505 | D:7      | Killed a two-headed ogre
  6506 | D:7      | Reached skill level 14 in Axes
  6506 | D:7      | Reached XP level 10. HP: 84/84 MP: 10/10
  7081 | D:7      | Found a runed translucent door.
  7082 | D:7      | Noticed Crazy Yiuf
  7086 | D:7      | Killed Crazy Yiuf
  7238 | D:8      | Noticed Amaemon
  7238 | D:8      | Noticed an orange demon
  7355 | D:8      | Killed Amaemon
  7356 | D:8      | Reached skill level 15 in Axes
  7359 | D:8      | Killed an orange demon
  7683 | D:8      | Found a burning altar of Makhleb.
  8302 | D:9      | Found a staircase to the Lair.
  8340 | D:9      | Reached * piety under Trog
  8418 | D:9      | Reached skill level 16 in Axes
  8562 | D:9      | Reached XP level 11. HP: 93/93 MP: 11/11
  9079 | D:10     | Entered Level 10 of the Dungeon
  9126 | Lair:1   | Entered Level 1 of the Lair of Beasts
  9314 | Lair:1   | Noticed a fire dragon
  9345 | Lair:1   | Reached ** piety under Trog
  9346 | Lair:1   | Reached skill level 17 in Axes
 10035 | Lair:1   | Killed a fire dragon
 10345 | Lair:2   | Found a shadowy altar of Dithmenos.
 10630 | Lair:2   | Reached *** piety under Trog
 10865 | Lair:2   | Reached XP level 12. HP: 87/105 MP: 12/12
 11295 | Lair:2   | Reached skill level 5 in Shields
 11323 | Lair:3   | Reached skill level 18 in Axes
 11323 | Lair:3   | Reached skill level 5 in Throwing
 11342 | Lair:3   | Reached skill level 10 in Fighting
 11389 | Lair:3   | Found a transporter.
 11396 | Lair:3   | Noticed Byron's ghost (journeyman DgEE)
 11512 | Lair:3   | Found a staircase to the Snake Pit.
 11577 | Lair:3   | Found a transporter.
 11755 | Lair:3   | Reached skill level 1 in Maces & Flails
 11808 | Lair:3   | Noticed a five-headed hydra
 11820 | Lair:3   | Killed a five-headed hydra
 12200 | Lair:4   | Reached skill level 10 in Armour
 12200 | Lair:4   | Reached skill level 1 in Dodging
 12271 | Lair:4   | Reached skill level 5 in Maces & Flails
 12603 | Lair:4   | Reached **** piety under Trog
 12678 | Lair:4   | Reached XP level 13. HP: 114/115 MP: 13/13
 12918 | Lair:4   | Found a staircase to the Shoals.
 14101 | Lair:6   | Entered Level 6 of the Lair of Beasts
 14382 | Lair:6   | Reached skill level 10 in Maces & Flails
 14607 | Lair:6   | Found a broken altar of Ashenzari.
 14751 | Lair:6   | Found a runed translucent door.
 14752 | Lair:6   | Noticed an ice dragon
 14767 | Lair:6   | Killed an ice dragon
 14863 | Lair:6   | Reached XP level 14. HP: 105/125 MP: 14/14
 14872 | Lair:6   | Identified the +9 flail of Patience {vorpal, Fly rPois}
 15193 | Lair:6   | Found a viscous altar of Jiyva.
 15194 | Lair:6   | Found a staircase to the Slime Pits.
 15255 | Lair:6   | Reached ***** piety under Trog
 15770 | Lair:6   | Reached skill level 5 in Evocations
 15775 | Lair:6   | Identified the +2 pair of gloves of Dusentil {Fly rN++
                  | Dex+4}
 15991 | D:3      | Bought a potion of resistance for 110 gold pieces
 15991 | D:3      | Upgraded the game from 0.29-a0-541-gaf1fc19f1b to
                  | 0.29-a0-553-g81b289dbe5
 16177 | Shoals:1 | Entered Level 1 of the Shoals
 17168 | Shoals:1 | Reached XP level 15. HP: 131/135 MP: 15/15
 17382 | Shoals:2 | Reached skill level 19 in Axes
 17390 | Shoals:2 | Received a gift from Trog
 17533 | Shoals:2 | Found a snail-covered altar of Cheibriados.
 17538 | Shoals:2 | Noticed a kraken
 17553 | Shoals:2 | Killed a kraken
 18687 | Shoals:3 | Noticed a kraken
 18972 | Shoals:3 | Killed a kraken
 19050 | Shoals:3 | Noticed a kraken
 19062 | Shoals:3 | Killed a kraken
 19357 | Shoals:4 | Entered Level 4 of the Shoals
 19407 | Shoals:4 | Received a gift from Trog
 19455 | Shoals:4 | Slain by an alligator snapping turtle

Illustrated notes

Levels and vault maps discovered:
D:1:      mrwooster_arrival_statue_3, layout_loops_cross,
          ebering_ecumenical_altar_mist, st_stairs_7, minmay_pentomino_o2
D:2:      layout_loops_corners, basic_altar, chequers_mini_garden,
          grunt_ministairs_7, minivault_25, uniq_robin, uniq_jessica,
          uniq_sigmund, uniq_natasha
D:3:      layout_rooms, serial_shops, shop, minmay_misc_feat_more_columns,
          st_stairs_3
D:4:      layout_loops_corners, uniq_blork_the_orc
D:5:      layout_layer_cave, chequers_temple_overflow_minitemple,
          uniq_prince_ribbit1
D:6:      layout_basic, uniq_edmund, uniq_menkaure, uniq_eustachio
D:7:      layout_loops_ring, minmay_temple_entry_statues, kennysheep_boxes,
          uniq_crazy_yiuf_cottage
D:8:      layout_loops_corners, lemuel_crystal_altar, corexii_corridor_pit,
          uniq_amaemon
D:9:      layout_loops_ring, dpeg_oklobed_lair
D:10:     layout_basic, elyvilon_altar_3
Temple:   eino_temple_scatter_basement
Lair:1:   dragon1_lemuel, layout_gridlike, special_room [special_room_bee],
          serial_bayou_pond_d, minivault_19, amcnicky_mini_pool_medium
Lair:2:   layout_regular_city, basic_altar, beast_lair_carwin_7
Lair:3:   layout_regular_city, guppyfry_snake_entry_island, nzn_ghost_randoct,
          serial_bayou_ford_a, st_stairs_13
Lair:4:   layout_cave_pods, minmay_shoals_entry_lonely_mermaid,
          chequers_serial_rivers_micro_a
Lair:5:   layout_roguey, lightli_volcano_entry_magma_tube
Lair:6:   hangedman_lair_in_review, layout_small_grid, wormcave, slime_altar_1,
          basic_altar, grunt_forest_small_clearings
Shoals:1: layout_shoals
Shoals:2: layout_shoals, wheals_shoals_ruined_temple
Shoals:3: layout_shoals
Shoals:4: shoals_end_simple, layout_shoals, abandoned_shop

Skill      XL: |  1  2  3  4  5  6  7  8  9 10 11 12 13 14 15 |
---------------+----------------------------------------------+-----
Axes           | 3 6 7 9 11 14 16 17 18 19 | 19.6
Fighting       | 4 5 6 7 9 10 11 13 14 | 14.1
Armour         | 4 5 6 7 9 10 11 12 13 | 13.6
Throwing       | 1 2 3 4 5 6 |  6.1
Shields        | 4 5 6 7 |  7.6
Evocations     | 1 2 3 5 7 |  7.3
Maces & Flails | 6 10 12 13 | 13.2
Dodging        | 1 |  1.7

Action                   |  1- 3 |  4- 6 |  7- 9 | 10-12 | 13-15 || total
-------------------------+-------+-------+-------+-------+-------++-------
Melee: War axe           |    72 |    88 |   177 |   381 |   562 ||  1280
       Headbutt          |       |     1 |    17 |   109 |   287 ||   414
       Demon whip        |       |       |       |   122 |   383 ||   505
Throw: Dart              |     6 |     6 |    17 |    90 |    33 ||   152
       Javelin           |       |       |     5 |     4 |     1 ||    10
       Boomerang         |       |       |       |     7 |       ||     7
Invok: Berserk           |       |       |       |     4 |    11 ||    15
       Brothers in Arms  |       |       |       |       |     2 ||     2
Evoke: Wand              |       |     7 |    36 |     6 |    35 ||    84
  Use: Scroll            |     6 |     1 |    11 |    13 |     5 ||    36
       Potion            |       |     3 |     1 |     7 |    16 ||    27
 Stab: Petrified         |       |       |       |       |     5 ||     5
       Petrifying        |       |       |       |       |     1 ||     1
       Invisible         |       |       |       |       |     4 ||     4
       Paralysed         |       |       |       |       |     3 ||     3
Armor: Scale mail        |    29 |    36 |    37 |   151 |       ||   253
       Skin              |       |       |       |    49 |       ||    49
       Plate armour      |       |       |       |    51 |   604 ||   655
Dodge: Dodged            |    23 |    39 |    63 |   178 |   265 ||   568
Block: Buckler           |    21 |    13 |    17 |    77 |   244 ||   372

Table legend: (Time is in decaauts)
 A = Elapsed time spent in this place.
 B = Non-inter-level travel time spent in this place.
 C = Inter-level travel time spent in this place.
 D = Time resting spent in this place.
 E = Time spent auto-exploring this place.
 F = Levels seen in this place.
 G = Mean time per level.
                   A        B        C        D        E       F      G
               +--------+--------+--------+--------+--------+-----+--------+
         Total |  19208 |  18165 |   1043 |   1876 |  12647 |  21 |  914.7 |
       Dungeon |   9201 |   8670 |    531 |   1116 |   6188 |  10 |  920.1 |
        Temple |    129 |    120 |      9 |      0 |     93 |   1 |  129.0 |
          Lair |   6684 |   6258 |    426 |    470 |   4326 |   6 | 1114.0 |
        Shoals |   3193 |   3116 |     77 |    290 |   2040 |   4 |  798.2 |
               +--------+--------+--------+--------+--------+-----+--------+

Top non-repeatable levels by time:
  Lair:6: 1632 daAuts
     D:1: 1303 daAuts
     D:2: 1300 daAuts
  Lair:4: 1217 daAuts
  Lair:1: 1162 daAuts
     D:8: 1144 daAuts
Shoals:2: 1087 daAuts
  Lair:2: 1065 daAuts
Shoals:1: 1061 daAuts
     D:6: 1017 daAuts
     D:7: 1008 daAuts
Shoals:3: 949 daAuts
     D:4: 944 daAuts
  Lair:3: 896 daAuts
     D:5: 856 daAuts
